Map: Cyber Forest LE

Players

liquidthermy (uThermal) - Winner!

  • Race: Terran Terran
  • Spawn Location: 5:00

SortOf

  • Race: Zerg Zerg
  • League: Master
  • Spawn Location: 11:00

Event: HomeStory Cup XIX

VOD

Have the link to the VOD?

Description

Time

  • Played on: June 27, 2019, 2 p.m.
  • Length: 13:03

All games in this series

Show
View Real Time Build Order
Export as new Build Order

liquidthermy Terran - Winner!

Build Orders: Reaper Expand 

Get SALT Encoding   

  12  0:01  SCV  
  13  0:13  SCV  
  14  0:17  Supply Depot  
  14  0:25  SCV  
  15  0:38  SCV  
  15  0:39  Barracks  
  16  0:43  Refinery  
  16  0:50  SCV  
  17  1:02  SCV  
  18  1:14  SCV  
  19  1:26  Reaper  
  19  1:27  Orbital Command  
  20  1:41  Command Center  
  20  1:52  SCV  
  21  1:55  Barracks  
  21  1:59  Barracks Reactor  
  21  2:04  SCV  
  22  2:08  Supply Depot  
  22  2:17  SCV  
  23  2:28  Refinery  
  23  2:30  SCV  
  23  2:32  Factory  
  23  2:35  Marine x2  
  26  2:43  Barracks Tech Lab  
  25  2:45  SCV  
  26  2:53  Orbital Command  
  26  2:55  Marine  
  26  2:56  Marine  
  26  2:57  SCV  
  29  3:02  Marine  
  30  3:07  Stimpack  
  30  3:09  SCV  
  31  3:13  Marine x2  
  31  3:19  SCV  
  34  3:20  Marine  
  34  3:21  SCV  
  36  3:29  Starport  
  36  3:31  Factory Reactor, SCV  
  37  3:35  Marine, SCV  
  37  3:36  Marine  
  40  3:42  Supply Depot  
  40  3:43  Marine  
  40  3:48  SCV  
  42  3:53  Marine, SCV  
  42  3:54  Marine  
  45  4:00  Supply Depot, SCV  
  46  4:03  Marine  
  46  4:05  SCV  
  48  4:11  Marine  
  48  4:12  SCV  
  48  4:16  Medivac x2  
  54  4:22  Marine, SCV  
  57  4:24  Supply Depot, Marine, SCV  
  57  4:30  Factory Tech Lab  
  58  4:31  Marine  
  58  4:32  Engineering Bay  
  58  4:35  SCV  
  59  4:40  Marine  
  59  4:41  Refinery  
  59  4:42  Marine, SCV  
  62  4:48  Supply Depot  
  62  4:49  Marine  
  62  4:50  Siege Tank  
  66  4:55  Barracks, SCV  
  66  4:57  Marine  
  66  4:58  SCV  
  69  5:00  Terran Infantry Weapons Level 1  
  69  5:01  Marine  
  70  5:10  SCV  
  70  5:11  Marine, SCV  
  70  5:12  Supply Depot  
  70  5:13  Combat Shield  
  73  5:15  Marine  
  69  5:22  SCV  
  69  5:23  Marine, SCV  
  69  5:26  Siege Tank  
  75  5:29  Marine  
  75  5:33  Marine  
  75  5:35  Supply Depot  
  77  5:38  Medivac  
  77  5:41  Marine  
  77  5:42  SCV  
  81  5:43  Marine x2  
  81  5:47  Marine  
  81  5:48  Supply Depot  
  84  5:51  Marine  
  85  5:58  Siege Tank, SCV  
  85  5:59  Marine  
  85  6:01  Marine x2  
  92  6:04  Marine  
  92  6:09  Marine  
  92  6:10  Supply Depot  
  94  6:17  Marine  
  95  6:19  Marine x2  
  95  6:21  Command Center  
  95  6:22  Marine  
  98  6:26  SCV  
  98  6:27  Marine  
  100  6:34  Supply Depot, SCV  
  100  6:35  Marine  
  100  6:37  Marine  
  100  6:38  Marine  
  104  6:40  Marine  
  104  6:44  Marine  
  106  6:47  Siege Tank  
  106  6:53  Marine  
  109  6:55  Marine  
  109  6:56  Marine  
  109  6:58  Marine  
  109  7:01  Medivac  
  111  7:03  Marine  
  92  7:10  Marine  
  92  7:13  Marine  
  92  7:14  Marine, SCV x2  
  90  7:16  Marine  
  90  7:20  Siege Tank  
  90  7:21  Marine  
  90  7:22  Terran Infantry Armor Level 1  
  95  7:28  Marine  
  96  7:30  Marine  
  96  7:31  Starport Reactor, Marine  
  96  7:34  Marine, SCV x2  
  101  7:39  Marine  
  101  7:40  Barracks  
  101  7:43  Barracks  
  102  7:46  Marine  
  102  7:48  Marine  
  102  7:49  Marine  
  105  7:51  Marine  
  105  7:52  Siege Tank, Orbital Command  
  105  7:56  SCV  
  105  7:57  Marine, SCV  
  112  8:04  Marine  
  113  8:06  Marine  
  113  8:07  Marine  
  113  8:08  SCV  
  113  8:09  Marine  
  116  8:14  SCV  
  116  8:15  Marine  
  116  8:19  Armory, Medivac x2  
  122  8:20  SCV, Engineering Bay  
  122  8:21  SCV  
  122  8:22  Marine  
  122  8:24  Marine  
  126  8:31  Marine x3  
  118  8:34  Marine, SCV  
  118  8:39  Siege Tank  
  120  8:43  Marine  
  119  8:48  Marine  
  119  8:49  Medivac x2  
  119  8:50  Marine, SCV  
  122  8:57  Marine x2, SCV  
  123  9:03  Marine x2, SCV  
  123  9:07  SCV  
  123  9:08  Barracks Reactor x2  
  123  9:09  SCV  
  128  9:10  Supply Depot  
  128  9:15  Terran Infantry Weapons Level 2  
  128  9:17  Supply Depot  
  128  9:18  SCV  
  128  9:22  Marine  
  128  9:24  Terran Infantry Armor Level 2  
  130  9:25  SCV  
  130  9:27  Marine  
  132  9:33  Marine x2  
  132  9:36  Marine, SCV  
  132  9:37  Supply Depot  
  136  9:39  Marine  
  136  9:43  Siege Tank  
  136  9:45  Marine  
  140  9:48  Supply Depot  
  140  9:51  Supply Depot  
  141  9:54  Marine x2  
  141  9:56  Marine  
  141  9:59  Marine x2  
  146  10:01  Terran Vehicle Weapons Level 1  
  146  10:02  SCV  
  146  10:05  Marine  
  148  10:13  Marine x2  
  129  10:15  Marine x2, Siege Tank  
  129  10:19  Marine  
  134  10:27  Marine x2  
  134  10:28  Marine  
  137  10:34  Marine  
  133  10:36  Medivac  
  133  10:39  Marine  
  133  10:40  Marine x3  
  133  10:41  Marine  
  134  10:45  Marine x2  
  134  10:46  Marine  
  134  10:47  Siege Tank  
  138  10:52  Marine  
  138  10:53  Barracks x2  
  138  10:54  Barracks  
  139  10:57  Marine  
  139  10:58  Marine  
  139  11:00  Marine  
  139  11:01  Sensor Tower, SCV  
  139  11:02  Marine  
  144  11:05  Marine x2  
  144  11:08  Marine  
  144  11:09  Supply Depot, SCV  
  148  11:14  Marine, SCV  
  150  11:20  Marine  
  150  11:22  Siege Tank  
  150  11:23  Marine  
  150  11:25  Marine  
  156  11:30  Marine  
  156  11:32  Marine x2  
  159  11:34  Marine x2  
  159  11:36  Marine  
  159  11:38  Marine  
  159  11:39  Supply Depot  
  163  11:42  Marine  
  163  11:43  Marine x3  
  163  11:46  Marine  
  168  11:55  Marine  
  168  11:56  Marine x4  
  168  11:59  Marine  
  168  12:00  Marine x2  
  176  12:10  Marine  
  176  12:13  Marine  
  178  12:19  Marine  
  178  12:20  Marine  
  178  12:21  Marine  
  178  12:22  Marine, Siege Tank  
  175  12:23  Marine  
  175  12:26  Marine  
  175  12:28  Command Center  
  177  12:32  Marine  
  177  12:33  Marine x2  
  177  12:34  Marine  
  177  12:36  Marine x2  
  183  12:39  Marine x2  
  183  12:40  Marine  
  183  12:41  Marine x2  
  188  12:44  Marine  
Show
View Real Time Build Order
Export as new Build Order

SortOf Zerg 

Build Orders: Hatch First 

Get SALT Encoding   

  12  0:00  Drone  
  13  0:12  Overlord  
  13  0:16  Drone  
  14  0:31  Drone x2  
  16  0:48  Hatchery  
  15  0:52  Drone  
  15  0:55  Drone  
  17  0:59  Drone  
  18  1:09  Extractor  
  17  1:14  Spawning Pool  
  17  1:17  Drone  
  17  1:20  Drone  
  18  1:27  Drone  
  19  1:40  Drone  
  20  1:51  Overlord  
  20  2:00  Queen  
  20  2:01  Queen  
  22  2:03  Zergling x4  
  26  2:16  Drone x2  
  28  2:27  Drone x2  
  29  2:34  Overlord  
  29  2:36  Queen, Metabolic Boost  
  31  2:39  Drone  
  32  2:44  Queen  
  32  2:46  Drone  
  35  2:54  Drone x2  
  35  2:55  Drone  
  38  3:08  Hatchery  
  38  3:12  Drone x2  
  39  3:16  Drone  
  40  3:20  Overlord  
  40  3:24  Drone x2  
  42  3:28  Queen  
  42  3:32  Overlord  
  44  3:39  Drone  
  44  3:40  Drone x2  
  47  3:45  Drone x3  
  50  3:50  Drone x2  
  52  3:56  Drone x3  
  52  4:00  Overlord  
  55  4:03  Drone  
  55  4:06  Evolution Chamber  
  55  4:11  Overlord  
  55  4:17  Queen x2  
  55  4:22  Drone x4  
  55  4:23  Drone  
  64  4:26  Drone x2  
  64  4:31  Overlord  
  66  4:35  Zergling x4  
  66  4:37  Zerg Ground Armor Level 1  
  68  4:39  Zergling x6  
  68  4:43  Zergling x2  
  72  4:47  Overlord  
  72  4:49  Extractor  
  72  4:50  Zergling x4, Baneling Nest  
  72  4:51  Extractor  
  71  4:54  Queen  
  71  4:57  Zergling x2  
  71  4:58  Zergling x4  
  76  5:01  Zergling x4  
  76  5:05  Overlord  
  78  5:09  Zergling x6  
  78  5:11  Zergling x6  
  78  5:28  Lair, Drone x6  
  76  5:31  Queen  
  84  5:37  Zergling x8  
  84  5:39  Drone  
  84  5:42  Hatchery, Overlord  
  88  5:43  Drone  
  88  5:46  Extractor, Baneling  
  88  5:47  Baneling x3  
  88  5:51  Evolution Chamber, Drone x2  
  88  5:54  Drone  
  88  5:55  Drone x2  
  92  5:57  Zergling x4  
  92  6:02  Overlord  
  92  6:03  Zergling x2  
  95  6:06  Drone x2  
  95  6:07  Drone  
  98  6:14  Zergling x16  
  106  6:23  Zergling x2  
  107  6:27  Centrifical Hooks, Zerg Melee Weapons Level 1  
  107  6:29  Hydralisk Den  
  107  6:31  Extractor, Zergling x2, Drone  
  107  6:33  Baneling x3  
  107  6:35  Zergling x6  
  107  6:38  Overlord  
  107  6:39  Zergling x6  
  114  6:40  Zergling x2  
  114  6:41  Baneling x3  
  114  6:42  Baneling  
  114  6:45  Baneling x3  
  114  6:46  Baneling  
  113  6:49  Zergling x4  
  113  7:01  Zergling x12  
  103  7:05  Zergling x8  
  103  7:06  Zergling x2  
  86  7:11  Zergling x2  
  85  7:17  Muscular Augments  
  85  7:21  Zergling x12  
  85  7:22  Baneling x5  
  91  7:23  Baneling x4  
  91  7:26  Hydralisk x2  
  91  7:28  Queen  
  97  7:33  Drone x2  
  97  7:36  Overseer  
  99  7:40  Drone x2  
  101  7:46  Drone x3  
  101  7:47  Hydralisk x3  
  101  7:49  Zergling x2  
  101  7:50  Zergling x12  
  117  7:56  Zergling x4  
  119  8:09  Overlord, Zergling x2  
  119  8:11  Baneling x6  
  118  8:19  Extractor  
  115  8:22  Zergling x10  
  115  8:23  Overlord, Baneling x2  
  115  8:24  Overlord  
  119  8:27  Hatchery  
  119  8:28  Extractor, Zergling x8  
  119  8:29  Zergling x2  
  115  8:36  Zergling x2  
  115  8:38  Overlord  
  115  8:40  Grooved Spines  
  112  8:48  Zergling x2  
  112  8:49  Zergling x10  
  112  8:52  Overlord  
  112  9:02  Hydralisk x3  
  109  9:08  Infestation Pit  
  109  9:09  Hydralisk x2  
  118  9:16  Hydralisk x4  
  120  9:17  Hatchery  
  120  9:21  Zergling x2  
  126  9:28  Drone  
  127  9:31  Extractor  
  127  9:35  Drone x2  
  127  9:36  Zerg Ground Armor Level 2, Drone  
  127  9:37  Zergling x6  
  132  9:38  Queen  
  132  9:44  Zerg Melee Weapons Level 2  
  134  9:46  Zergling x18  
  143  9:56  Baneling x6  
  143  9:58  Zergling x4  
  143  10:01  Overlord  
  141  10:12  Zergling x4  
  141  10:13  Zergling x24  
  122  10:15  Baneling x7  
  122  10:19  Zergling x8  
  125  10:22  Baneling x4  
  124  10:32  Zergling x10  
  124  10:33  Zergling x4  
  118  10:41  Baneling x10  
  118  10:42  Baneling x3  
  111  10:43  Zergling x2  
  111  10:47  Zergling x6  
  113  10:54  Hydralisk x2  
  113  10:55  Zergling x10  
  122  11:03  Zergling x12  
  128  11:09  Hive  
  127  11:12  Overlord  
  127  11:16  Drone x3  
  130  11:22  Zergling x12  
  136  11:29  Baneling x10  
  136  11:34  Hydralisk x2  
  140  11:43  Hydralisk x3  
  146  11:48  Hydralisk  
  146  11:49  Zergling x2, Hydralisk  
  148  12:03  Overlord  
  148  12:14  Hydralisk  
  148  12:15  Hydralisk  
  150  12:22  Hydralisk x8  
  158  12:24  Overlord  
  158  12:25  Baneling x5  
  158  12:30  Overlord  
  158  12:32  Hatchery  
  158  12:37  Overlord  
  157  12:40  Ultralisk Cavern  
  156  12:45  Zergling x18  
Tags
 
Add a new tag
Caveats
  • Supply blocks, unpowered buildings, or Contaminate may cause inaccurate times.
  • Supply counts are checked every 10 seconds.